 Dungeon Crawl Stone Soup version 0.23-a0-650-ga4d50d4 (webtiles) character file.

140 Blackhawk the Vexing (level 5, -1/26 HPs)
             Began as a Spriggan Arcane Marksman on Jan 4, 2019.
             Was an Initiate of Gozag.
             Killed from afar by an orc wizard (5 damage)
             ... with a magic dart
             ... on level 4 of the Dungeon.
             The game lasted 00:12:46 (5530 turns).

Blackhawk the Vexing (Spriggan Arcane Marksman)     Turns: 5530, Time: 00:12:47

Health: -1/26      AC:  2    Str:  6    XL:     5   Next: 2%
Magic:  10/10      EV: 20    Int: 14    God:    Gozag
Gold:   304        SH:  0    Dex: 18    Spells: 8/9 levels left

rFire    . . .     SeeInvis +   a - +0 hunting sling
rCold    . . .     Gourm    .   (shield restricted)
rNeg     . . .     Faith    .   e - +0 robe
rPois    .         Spirit   .   (helmet restricted)
rElec    .         Reflect  .   (no cloak)
rCorr    .         Harm     .   (gloves unavailable)
MR       .....                  (boots unavailable)
Stlth    ++........             (no amulet)
HPRegen  0.08/turn              (no ring)
MPRegen  0.12/turn              (no ring)

@: very quick
A: very small, unfitting armour, see invisible, herbivore, speed 3, slow
metabolism 2
a: Potion Petition, Call Merchant, Bribe Branch, Renounce Religion


You were on level 4 of the Dungeon.
You worshipped Gozag.
Gozag was aware of your devotion.
You were very hungry.

You visited 1 branch of the dungeon, and saw 4 of its levels.

You collected 324 gold pieces.
You paid 20 gold pieces to Gozag.

Inventory:

Hand Weapons
 a - a +0 hunting sling (weapon)
 b - a +1 dagger of speed
Missiles
 d - 4 sling bullets (quivered)
 g - 130 stones
Armour
 e - a +0 robe (worn)
Jewellery
 q - a +1 ring of protection {unknown}
 r - a +4 ring of evasion {unknown}
Wands
 l - a wand of paralysis (10)
Scrolls
 c - a scroll of fog {unknown}
 h - a scroll of random uselessness {unknown}
 j - 7 scrolls of identify {unknown}
 k - a scroll of teleportation {unknown}
 p - a scroll of amnesia {unknown}
Potions
 i - 2 potions of heal wounds {unknown}
 m - a potion of flight {unknown}
 n - 2 potions of curing {unknown}
 o - a potion of berserk rage {unknown}
Comestibles
 f - 4 rations


   Skills:
 + Level 1.8 Fighting
 + Level 3.5 Slings
 + Level 4.2 Dodging
 + Level 2.8 Spellcasting
 + Level 4.5 Hexes


You had 8 spell levels left.
You knew the following spells:

 Your Spells              Type           Power        Failure   Level  Hunger
a - Corona                Hex            ##.....      3%          1    #......

Your spell library contained the following spells:

 Spells                   Type           Power        Failure   Level  Hunger
 Slow                     Hex            ##......     4%          2    ###....
 Inner Flame              Hex/Fire       #.......     26%         3    ###....
 Portal Projectile        Hex/Tloc       #.....       26%         3    ###....
 Cause Fear               Hex            ##........   32%         4    #####..
 Leda's Liquefaction      Hex/Erth       #.........   65%         4    #####..


Dungeon Overview and Level Annotations

Branches:
Dungeon (4/15)
 Temple: D:4-7

Altars:
Gozag

Annotations:
D:3 Ijyb


Innate Abilities, Weirdness & Mutations

You are very small and have problems with some larger weapons.
You are too small for most types of armour.
You have supernaturally acute eyesight. (SInv)
You are a herbivore.
You cover ground extremely quickly.
You need to consume almost no food.


Message History

You shoot a sling bullet.
The sling bullet barely misses the orc wizard.
The orc wizard hits you with a +0 dagger.
* * * LOW HITPOINT WARNING * * *
The orc wizard misses you.
Firing (i - inventory. (/) - cycle)
d - 6 sling bullets (quivered)
Press: ? - help, Shift-Dir - straight line, f/p - orc wizard
Aim: an orc wizard, wielding a +0 dagger and wearing a +0 robe (heavily You shoot a sling bullet.
The sling bullet hits the orc wizard but does no damage.
The orc wizard is heavily wounded.
The crimson imp blinks!
The orc wizard closely misses you.
Firing (i - inventory. (/) - cycle)
d - 5 sling bullets (quivered)
Press: ? - help, Shift-Dir - straight line, f/p - orc wizard
Aim: an orc wizard, wielding a +0 dagger and wearing a +0 robe (heavily You shoot a sling bullet.
The sling bullet misses the orc wizard.
The orc wizard points at you and mumbles some strange words.
The magic dart hits you!
You die...
Your body crumbles into a pile of gold.

###### #..<.#
#....# #..(.#
#....# #..o.#
#..@########
####$.......
#...........#
#...........#
#...........#
#...o.......#
#.......5...#
#+########.##
##


You could see an orc wizard and a crimson imp.

Vanquished Creatures
  Robin (D:2)
  An adder (D:2)
  An ooze (D:1)
  A worm (D:2)
  10 dart slugs
  4 leopard geckos
  2 orcs (D:4)
  5 giant cockroaches
  12 goblins
  10 hobgoblins
  9 kobolds
  3 quokkas (D:3)
  12 bats
  6 frilled lizards
  9 rats
86 creatures vanquished.

Notes
Turn   | Place    | Note
-------+----------+-------------------------------------------
     0 | D:1      | Blackhawk the Spriggan Arcane Marksman began the quest for
                  | the Orb.
     0 | D:1      | Reached XP level 1. HP: 9/9 MP: 3/3
    63 | D:1      | Reached skill level 1 in Fighting
   142 | D:1      | Reached XP level 2. HP: 14/14 MP: 5/5
   776 | D:1      | Reached XP level 3. HP: 16/18 MP: 7/7
  1289 | D:2      | Found an opulent altar of Gozag.
  1564 | D:2      | Noticed Robin
  1579 | D:2      | Killed Robin
  2188 | D:2      | Became a worshipper of Gozag Ym Sagoz the Greedy
  2504 | D:2      | Reached XP level 4. HP: 22/22 MP: 8/8
  4616 | D:3      | Noticed Ijyb
  5138 | D:3      | Noticed a centaur
  5170 | D:3      | HP: 1/23 [bat (1)]
  5492 | D:4      | Reached XP level 5. HP: 24/26 MP: 10/10
  5530 | D:4      | Killed from afar by an orc wizard

Vault maps used:
D:1:      dpeg_arrival_tiny_e
D:2:      lemuel_doored_altar, uniq_robin
D:3:      kennysheep_slugbush, first_ration, uniq_ijyb
D:4:      chequers_temple_overflow_statue_of_worship, st_stairs_11,
          uniq_duvessa, uniq_grinder, uniq_natasha

Skill      XL: |  1  2  3  4 |
---------------+-------------+-----
Fighting       | 1 |  1.8
Spellcasting   | 2 |  2.8
Hexes          | 4 |  4.5
Slings         | 3 |  3.5
Dodging        | 4 |  4.2

Action                   |  1- 3 |  4- 6 || total
-------------------------+-------+-------++-------
Melee: Dagger            |   231 |   306 ||   537
 Fire: Hunting sling     |    36 |    12 ||    48
 Stab: Distracted        |       |     2 ||     2
  Eat: Ration            |       |     1 ||     1
Armor: Robe              |    13 |    23 ||    36
Dodge: Dodged            |   150 |   248 ||   398

Table legend:
 A = Non-vault XP
 B = Vault XP
 C = Vault XP percentage of total XP
 D = Non-vault monster count
 E = Vault monster count
 F = Vault count percentage of total count
                 A         B        C        D         E       F
            +---------+---------+-------+---------+---------+-------
      Total |     133 |      68 |  33.8 |      67 |      19 |  22.1
            +---------+---------+-------+---------+---------+-------
        D:1 |      46 |       9 |  16.4 |      27 |       5 |  15.6
        D:2 |      54 |      23 |  29.9 |      24 |       5 |  17.2
        D:3 |      27 |      36 |  57.1 |      14 |       9 |  39.1
        D:4 |       6 |       0 |   0.0 |       2 |       0 |   0.0
            +---------+---------+-------+---------+---------+-------
